Map: Deathaura LE

Players

Cuddlebear

  • Race: Terran Terran
  • League: Master
  • Spawn Location: 11:00

Neeb - Winner!

  • Race: Protoss Protoss
  • League: Master
  • Spawn Location: 5:00

Event: DreamHack SC2 Masters 2020 Fall

VOD

Have the link to the VOD?

Description

Time

  • Played on: Sept. 4, 2020, 3:37 p.m.
  • Length: 17:22

All games in this series

Show
View Real Time Build Order
Export as new Build Order

Cuddlebear Terran 

Build Orders: Reaper Expand 

Get SALT Encoding   

  12  0:00  SCV  
  13  0:12  SCV  
  14  0:17  Supply Depot  
  14  0:24  SCV  
  15  0:38  SCV  
  15  0:41  Barracks  
  16  0:44  Refinery  
  16  0:50  SCV  
  17  1:02  SCV  
  18  1:15  SCV  
  19  1:28  Reaper  
  19  1:29  Orbital Command  
  20  1:46  Command Center  
  20  1:55  SCV  
  20  2:00  Marine  
  20  2:01  Supply Depot  
  22  2:07  SCV  
  23  2:12  Factory  
  23  2:21  Barracks Reactor  
  23  2:22  SCV  
  24  2:34  SCV  
  25  2:46  Command Center  
  25  2:53  SCV  
  25  2:58  Marine x2  
  26  2:59  Factory Tech Lab  
  26  3:04  Orbital Command  
  28  3:07  SCV  
  29  3:18  Siege Tank  
  29  3:19  SCV  
  33  3:22  Marine x2  
  35  3:29  Barracks  
  35  3:31  SCV  
  35  3:33  SCV  
  37  3:43  SCV  
  37  3:45  Barracks, SCV  
  37  3:47  Marine  
  40  3:49  Marine  
  40  3:55  SCV  
  42  3:56  Refinery  
  42  3:57  SCV  
  43  4:03  Orbital Command  
  43  4:07  SCV  
  43  4:09  SCV  
  44  4:11  Marine  
  44  4:12  Factory Tech Lab, Marine  
  46  4:19  SCV, Refinery, Starport  
  46  4:21  SCV  
  46  4:23  Supply Depot  
  48  4:26  Marine  
  48  4:29  SCV, Marine x2  
  52  4:33  Stimpack  
  52  4:34  SCV  
  53  4:39  SCV  
  53  4:41  SCV, Marine  
  53  4:45  Factory Tech Lab, Marine  
  57  4:46  SCV  
  57  4:48  Supply Depot  
  57  4:49  Combat Shield  
  57  4:51  SCV, Marine  
  60  4:54  SCV  
  60  4:58  SCV  
  60  4:59  Starport Reactor  
  62  5:00  Engineering Bay  
  62  5:03  SCV  
  62  5:06  Barracks  
  63  5:08  Barracks, SCV  
  63  5:09  Marine  
  65  5:15  Engineering Bay, Siege Tank  
  65  5:17  SCV x2  
  65  5:20  SCV  
  71  5:22  Refinery  
  71  5:24  Orbital Command, Marine  
  71  5:25  Marine  
  73  5:29  Supply Depot  
  73  5:30  Marauder, Supply Depot  
  73  5:34  SCV x2  
  77  5:43  Terran Infantry Weapons Level 1  
  77  5:50  Marine x2  
  77  5:51  Marauder, SCV x3  
  77  5:52  Marauder  
  77  5:55  Barracks Tech Lab  
  77  5:56  Barracks Reactor  
  79  6:00  Missile Turret  
  79  6:03  SCV x3  
  82  6:11  Marine  
  82  6:12  Marauder  
  82  6:13  Marine  
  82  6:15  SCV x3  
  89  6:19  Missile Turret  
  89  6:21  Siege Tank  
  89  6:27  SCV x2  
  89  6:28  SCV  
  89  6:31  Marine  
  93  6:37  Concussive Shells  
  93  6:40  Medivac x2, Marine x3  
  93  6:46  Supply Depot  
  93  6:47  Marauder, Supply Depot, Marine  
  102  6:48  Supply Depot  
  102  6:49  Marine  
  102  6:51  Marauder  
  102  6:53  SCV x2  
  108  6:57  SCV  
  109  7:08  Marauder x2, SCV, Supply Depot, Marine x4  
  117  7:09  Siege Tank  
  117  7:12  Marauder, Supply Depot  
  117  7:13  SCV  
  117  7:14  SCV  
  125  7:18  Medivac  
  125  7:20  Medivac, SCV  
  130  7:24  Refinery  
  130  7:26  Marine  
  133  7:30  Marauder, Marine  
  133  7:32  Marine  
  133  7:33  Marauder  
  137  7:37  Supply Depot x2  
  137  7:38  Terran Infantry Armor Level 1, Supply Depot  
  137  7:42  Marauder, Marine  
  140  7:45  Marine  
  140  7:48  Siege Tank  
  144  7:51  Marine  
  144  7:52  Medivac, Marauder  
  148  7:58  Medivac  
  148  7:59  Marauder  
  152  8:07  Marauder, Marine  
  152  8:08  Marine  
  156  8:13  Marauder  
  156  8:17  Marine  
  158  8:20  Marauder, Marine  
  151  8:29  Marauder  
  144  8:37  Marauder, Marine  
  144  8:41  Marine  
  145  8:42  SCV x3, Marauder  
  145  8:46  Marine  
  149  8:50  Marauder  
  149  8:53  Marine  
  149  8:54  SCV x2  
  127  8:59  Marauder  
  107  9:03  Marine  
  107  9:04  SCV, Marauder  
  107  9:06  SCV  
  107  9:07  SCV  
  104  9:10  Marine  
  104  9:11  Marauder  
  104  9:15  Marine  
  104  9:16  SCV, Marine  
  111  9:17  Siege Tank  
  111  9:18  Viking, SCV  
  111  9:19  SCV  
  111  9:20  Marauder  
  111  9:21  Marine  
  118  9:25  Marauder  
  118  9:27  Marine  
  118  9:28  SCV  
  118  9:30  SCV  
  123  9:31  SCV  
  123  9:33  Marauder, Marine  
  123  9:34  Marine  
  123  9:35  Refinery  
  128  9:39  Marine  
  128  9:41  Marauder, SCV  
  128  9:42  SCV  
  128  9:43  Ghost Academy, SCV  
  131  9:47  Marauder, Marine  
  131  9:51  Marine  
  131  9:52  Viking  
  137  9:53  SCV  
  137  9:54  SCV, Marauder, Viking  
  137  9:57  SCV  
  144  10:02  Marine  
  144  10:03  Marauder  
  144  10:04  Marine  
  148  10:07  Siege Tank  
  148  10:08  Marauder  
  150  10:17  Enhanced Shockwaves  
  150  10:22  Command Center, Marauder  
  150  10:23  Armory  
  150  10:25  Marauder  
  150  10:28  Viking  
  156  10:31  Viking  
  156  10:34  Marine  
  159  10:42  Marauder, Marine x2  
  163  10:44  Siege Tank, Marine  
  163  10:45  Marauder  
  163  10:46  Supply Depot  
  163  10:48  Marauder  
  171  10:53  Marine  
  172  10:59  Engineering Bay  
  172  11:06  Viking x2, Marauder x2, Marine  
  181  11:11  Supply Depot  
  181  11:12  Terran Infantry Weapons Level 2  
  181  11:17  Ghost  
  183  11:22  Siege Tank  
  185  11:31  Ghost x2, Marine  
  174  11:41  Marine  
  174  11:45  Ghost  
  173  11:55  Marine  
  173  11:56  Marine x2  
  173  11:57  Siege Tank  
  173  11:58  Missile Turret  
  173  11:59  Ghost  
  181  12:01  Terran Infantry Armor Level 2  
  179  12:09  Marauder, Marine  
  179  12:13  Marine  
  179  12:14  Marauder  
  176  12:17  Planetary Fortress, Marine  
  176  12:18  SCV  
  176  12:19  SCV  
  176  12:20  SCV  
  175  12:28  Marauder, Marine  
  174  12:30  Ghost  
  174  12:31  SCV  
  174  12:33  SCV x2  
  178  12:42  Missile Turret, Marauder, Marine  
  178  12:43  SCV  
  177  12:45  SCV  
  177  12:47  SCV  
  178  12:55  SCV  
  178  12:57  SCV x2  
  181  12:59  SCV  
  181  13:01  Marine  
  181  13:02  Missile Turret, Marauder  
  180  13:07  SCV  
  180  13:09  SCV  
  180  13:10  SCV  
  180  13:11  SCV  
  180  13:12  Marauder, Marine  
  178  13:19  Marauder, SCV, Marine  
  173  13:21  SCV  
  173  13:22  SCV  
  173  13:26  SCV  
  176  13:32  Missile Turret  
  171  13:35  SCV  
  171  13:38  SCV x3  
  172  13:47  Missile Turret, SCV  
  173  13:50  SCV x2  
  173  13:53  Sensor Tower  
  173  13:54  Orbital Command  
  176  13:57  Terran Infantry Weapons Level 3  
  176  14:00  SCV  
  176  14:02  SCV x2  
  162  14:14  Command Center  
  162  14:15  SCV x3  
  162  14:16  Orbital Command  
  164  14:29  SCV  
  164  14:30  SCV  
  166  14:41  Medivac x2  
  166  14:44  Marine x3  
  166  14:45  Marauder, Marine  
  180  14:50  Siege Tank  
  179  14:52  Supply Depot  
  179  14:53  Supply Depot  
  179  14:57  Supply Depot x2  
  177  15:18  Marine  
  177  15:19  Missile Turret, Marauder  
  147  15:39  Marine  
  112  16:10  Factory, Barracks x3  
  112  16:16  Supply Depot  
  112  16:19  Supply Depot  
  112  16:20  Supply Depot  
  74  16:53  Command Center  
Show
View Real Time Build Order
Export as new Build Order

Neeb Protoss - Winner!

Build Orders: 1 Gate Expand, Oracle Opening, Zealot Archon, Colossus Rush 

Get SALT Encoding   

  12  0:00  Probe  
  13  0:12  Probe  
  14  0:16  Pylon  
  14  0:24  Probe (Chrono Boost)  
  15  0:37  Gateway, Probe (Chrono Boost)  
  16  0:44  Probe (Chrono Boost)  
  16  0:47  Assimilator  
  17  0:51  Probe  
  18  1:03  Probe  
  19  1:15  Probe  
  20  1:23  Nexus  
  20  1:33  Cybernetics Core  
  20  1:36  Probe  
  21  1:42  Assimilator  
  20  1:49  Probe (Chrono Boost)  
  20  1:50  Pylon  
  21  2:01  Probe (Chrono Boost)  
  22  2:06  Adept (Chrono Boost), Probe (Chrono Boost)  
  23  2:13  Robotics Facility  
  25  2:16  Probe  
  26  2:29  Probe (Chrono Boost)  
  27  2:31  Sentry  
  27  2:36  Probe (Chrono Boost)  
  30  2:40  Warp Gate  
  30  2:42  Pylon  
  31  2:46  Probe x2 (Chrono Boost)  
  32  2:51  Probe (Chrono Boost)  
  32  2:52  Probe  
  32  2:54  Oracle  
  34  3:00  Observer  
  34  3:02  Probe (Chrono Boost), Stalker  
  39  3:06  Probe (Chrono Boost)  
  39  3:07  Shield Battery  
  39  3:11  Shield Battery  
  39  3:15  Probe (Chrono Boost)  
  41  3:21  Observer  
  41  3:22  Probe (Chrono Boost)  
  41  3:23  Probe (Chrono Boost)  
  43  3:29  Probe x2  
  43  3:33  Gateway  
  45  3:34  Gateway  
  45  3:41  Probe x2 (Chrono Boost)  
  47  3:43  Assimilator, Observer  
  47  3:45  Assimilator  
  48  3:52  Pylon  
  48  3:53  Probe (Chrono Boost)  
  50  3:59  Probe (Chrono Boost)  
  50  4:00  Robotics Bay  
  50  4:02  Probe (Chrono Boost)  
  51  4:06  Warp Prism, Probe (Chrono Boost)  
  51  4:08  Probe  
  54  4:12  Pylon  
  55  4:18  Probe  
  55  4:22  Probe  
  57  4:29  Nexus  
  57  4:32  Pylon  
  57  4:35  Probe  
  57  4:36  Probe  
  57  4:37  Sentry  
  61  4:40  Sentry  
  61  4:43  Disruptor (Chrono Boost)  
  63  4:45  Gravitic Drive (Chrono Boost)  
  63  4:49  Probe  
  63  4:50  Probe  
  63  4:52  Observer  
  68  5:01  Probe  
  68  5:02  Probe  
  70  5:07  Twilight Council  
  70  5:09  Pylon  
  70  5:13  Probe, Colossus (Chrono Boost)  
  71  5:14  Probe  
  78  5:27  Probe x2  
  80  5:29  Shield Battery  
  80  5:35  Extended Thermal Lance  
  80  5:39  Probe x2  
  82  5:45  Charge  
  82  5:47  Forge  
  82  5:48  Pylon  
  82  5:49  Pylon  
  82  5:51  Probe x2  
  82  5:53  Probe  
  85  5:57  Colossus (Chrono Boost)  
  85  6:03  Probe  
  92  6:09  Probe x2  
  92  6:10  Assimilator  
  94  6:11  Assimilator  
  94  6:13  Pylon  
  94  6:14  Pylon  
  94  6:15  Probe  
  94  6:16  Pylon  
  95  6:19  Protoss Ground Weapons Level 1 (Chrono Boost)  
  95  6:21  Probe  
  95  6:23  Gateway  
  92  6:29  Gateway  
  92  6:32  Gateway  
  91  6:34  Gateway  
  91  6:37  Colossus  
  91  6:38  Templar Archives  
  91  6:42  Gateway  
  91  6:43  Gateway  
  91  6:51  Zealot x3  
  103  6:55  Pylon  
  103  7:01  Pylon  
  103  7:02  Pylon  
  103  7:12  Zealot x2  
  103  7:13  Zealot  
  109  7:22  High Templar  
  111  7:23  High Templar  
  111  7:24  Forge  
  111  7:25  Pylon x2  
  111  7:27  Archon  
  113  7:30  Blink  
  113  7:31  Zealot x2  
  113  7:34  Probe  
  118  7:43  Pylon  
  118  7:44  Zealot x4  
  118  7:45  Zealot  
  118  7:47  Photon Cannon  
  128  7:51  Nexus  
  128  7:57  Pylon  
  128  8:02  Immortal  
  128  8:03  High Templar  
  128  8:04  High Templar x2  
  128  8:05  Zealot x3, High Templar  
  140  8:08  Protoss Ground Armor Level 1 (Chrono Boost)  
  146  8:13  Archon x2  
  146  8:17  Probe x2  
  148  8:20  Zealot  
  148  8:21  Zealot  
  150  8:33  Robotics Facility  
  138  8:41  Immortal  
  138  8:46  Zealot  
  138  8:47  Zealot x7  
  130  9:01  Probe x2  
  114  9:07  Probe  
  111  9:12  Probe  
  111  9:15  Zealot x2, High Templar x4  
  111  9:16  Zealot x3, Dark Shrine  
  130  9:21  Archon x2  
  130  9:28  Warp Prism, Disruptor  
  135  9:35  Photon Cannon  
  135  9:36  Pylon  
  135  9:37  Zealot x4  
  143  9:40  Shield Battery  
  143  9:42  Stalker  
  143  9:47  Probe  
  143  9:48  Zealot  
  143  9:50  Stalker x3  
  152  9:58  Zealot  
  152  9:59  Zealot x3  
  160  10:03  Zealot x3  
  158  10:10  Forge  
  158  10:12  Forge  
  156  10:17  High Templar x3  
  156  10:18  High Templar  
  156  10:21  Disruptor (Chrono Boost)  
  167  10:22  Archon  
  167  10:23  Archon  
  167  10:24  Disruptor (Chrono Boost)  
  170  10:43  Stalker x5  
  170  10:48  Nexus  
  180  10:52  Pylon  
  183  10:57  Protoss Ground Armor Level 2  
  183  10:59  Protoss Ground Weapons Level 2  
  178  11:10  Photon Cannon  
  178  11:11  Shield Battery, Photon Cannon  
  178  11:12  Photon Cannon  
  178  11:13  Shield Battery x2  
  178  11:14  Pylon  
  178  11:19  Zealot x5  
  178  11:20  Zealot x4  
  196  11:26  Pylon  
  188  11:32  Disruptor  
  188  11:33  Disruptor  
  186  11:40  Stargate  
  186  11:41  Probe x3  
  186  11:42  Probe  
  186  11:45  Shadow Stride (Chrono Boost)  
  186  11:46  Assimilator  
  182  11:49  Assimilator  
  182  11:53  Photon Cannon  
  182  11:54  Observer  
  182  11:55  Photon Cannon  
  182  11:57  Photon Cannon  
  182  11:58  Dark Templar x2  
  182  12:00  Shield Battery  
  182  12:01  Shield Battery  
  186  12:05  Shield Battery  
  178  12:13  Zealot x4, Stalker x3  
  178  12:28  Cybernetics Core  
  176  12:35  Disruptor x2  
  180  12:40  Protoss Air Weapons Level 1  
  180  12:41  Dark Templar x2  
  184  12:50  Dark Templar x2  
  186  12:53  Zealot x5  
  196  13:04  Probe x2  
  198  13:08  Fleet Beacon  
  176  13:20  Disruptor  
  176  13:24  Nexus  
  177  13:30  Zealot x7  
  177  13:31  Zealot x2  
  177  13:33  Protoss Ground Weapons Level 3 (Chrono Boost)  
  177  13:34  Protoss Ground Armor Level 3 (Chrono Boost), Pylon  
  191  13:51  Nexus  
  189  14:03  Pylon  
  189  14:11  Mothership (Chrono Boost)  
  197  14:21  Assimilator  
  197  14:22  Gateway  
  197  14:23  Assimilator  
  197  14:24  Observer x2  
  197  14:26  Photon Cannon  
  197  14:28  Photon Cannon  
  197  14:30  Shield Battery  
  198  14:31  Shield Battery, Photon Cannon  
  198  14:33  Photon Cannon  
  198  14:34  Shield Battery  
  198  14:35  Shield Battery  
  198  14:36  Shield Battery  
  190  14:39  Photon Cannon  
  190  14:41  Photon Cannon  
  190  14:44  Dark Templar x5, Pylon  
  182  15:08  Zealot  
  182  15:09  Zealot x3  
  173  15:21  Dark Templar  
  173  15:22  Zealot x2, Dark Templar  
  173  15:23  Zealot x2  
  179  15:33  Dark Templar x3  
  179  15:34  Dark Templar  
  162  15:45  Zealot  
  162  15:46  Zealot x2  
  162  15:50  Probe (Chrono Boost)  
  162  15:51  Probe (Chrono Boost)  
  162  15:55  Probe (Chrono Boost)  
  164  16:00  Probe (Chrono Boost)  
  164  16:01  Probe (Chrono Boost)  
  152  16:05  Probe x2 (Chrono Boost)  
  152  16:09  Zealot x2  
  155  16:16  Gateway, Probe x2  
  157  16:18  Gateway  
  157  16:20  Gateway x2  
  157  16:23  Gateway x2  
  155  16:27  Gateway  
  155  16:28  Gateway  
  155  16:29  Probe  
  148  16:34  Void Ray  
  144  16:42  Unknown  
  148  16:47  Unknown  
  148  16:50  Observer  
  141  17:04  Probe  

Tags
 
Add a new tag
Caveats
  • Supply blocks, unpowered buildings, or Contaminate may cause inaccurate times.
  • Supply counts are checked every 10 seconds.